 Dungeon Crawl Stone Soup version 0.22-a0-587-g7d32d7c (webtiles) character file.

6002 Gildeon the Thaumaturge (level 10, -10/56 HPs)
             Began as a Gargoyle Skald on July 4, 2018.
             Was a Priest of Okawaru.
             Mangled by a komodo dragon (21 damage)
             ... on level 8 of the Dungeon.
             The game lasted 01:27:42 (10922 turns).

Gildeon the Thaumaturge (Gargoyle Skald)           Turns: 10922, Time: 01:27:43

Health: -10/56     AC: 13    Str: 16    XL:     10   Next: 85%
Magic:  0/22       EV: 12    Int: 15    God:    Okawaru [***...]
Gold:   558        SH:  7    Dex: 10    Spells: 1/26 levels left

rFire    + . .     SeeInvis .   a - +6 mace
rCold    . . .     Gourm    .   h - +1 buckler {rPois}
rNeg     + . .     Faith    .   s - +2 leather armour {rF+}
rPois    ∞         Spirit   +   o - +0 helmet
rElec    +         Reflect  +   e - scarf {Spirit}
rCorr    .         Harm     .   (no gloves)
MR       .....                  (no boots)
Stlth    +.........             t - +2 amulet of reflection
HPRegen  1.18/turn              (no ring)
MPRegen  0.18/turn              (no ring)

@: regenerating
A: negative energy resistance 1, electricity resistance, unbreathing,
petrification resistance, rot immunity, AC +7
a: Heroism, Renounce Religion


You were on level 8 of the Dungeon.
You worshipped Okawaru.
Okawaru was most pleased with you.
You were not hungry.

You visited 3 branches of the dungeon, and saw 10 of its levels.

You collected 558 gold pieces.

Inventory:

Hand Weapons
 a - a +6 mace (weapon)
 b - a +3 mace of holy wrath
 p - a +3 scimitar of flaming
Armour
 e - a scarf of spirit shield (worn)
 h - a +1 buckler of poison resistance (worn)
 o - a +0 helmet (worn)
 s - a +2 leather armour of fire resistance (worn)
Jewellery
 t - a +2 amulet of reflection (around neck)
Wands
 n - a wand of polymorph (16)
 u - a wand of paralysis (11)
Scrolls
 c - 3 scrolls of remove curse
 f - a scroll of fear
 g - 2 scrolls of teleportation
 k - a scroll of vulnerability {unknown}
 r - 2 scrolls of fog
Potions
 i - a potion of might
 l - 2 potions of lignification
 m - a potion of curing
 q - 2 potions of flight
 v - a potion of invisibility {unknown}
Comestibles
 d - 15 rations


   Skills:
 - Level 3.3 Fighting
 + Level 7.0 Maces & Flails
 - Level 3.1 Armour
 - Level 2.0 Dodging
 - Level 4.0 Shields
 + Level 8.8 Spellcasting
 - Level 2.6 Hexes
 + Level 6.8 Charms
 - Level 3.2 Necromancy
 - Level 2.1 Translocations
 - Level 2.6 Evocations


You had one spell level left.
You knew the following spells:

 Your Spells              Type           Power        Failure   Level  Hunger
a - Infusion              Chrm           ####         1%          1    None
b - Song of Slaying       Chrm           ####....     1%          2    None
c - Shroud of Golubria    Chrm/Tloc      ###.......   3%          2    None
d - Regeneration          Chrm/Necr      ###.......   4%          3    #......
e - Spectral Weapon       Hex/Chrm       ###.....     5%          3    #......
f - Corona                Hex            ##.....      4%          1    None
g - Borgnjor's Vile Clut  Necr/Erth      ##........   88%         5    #####..
h - Discord               Hex            ##........   100%        8    #######

Your spell library contained the following spells:

 Spells                   Type           Power        Failure   Level  Hunger
 Animate Skeleton         Necr           N/A          3%          1    None
 Corpse Rot               Necr           N/A          4%          2    None
 Inner Flame              Hex/Fire       ##......     22%         3    #......


Dungeon Overview and Level Annotations

Branches:
Dungeon (8/15)             Temple (1/1) D:7            Lair (1/6) D:8

Altars:
Dithmenos
Elyvilon
Fedhas
Hepliaklqana
Kikubaaqudgha
Makhleb
Nemelex Xobeh
Okawaru
Qazlal
Ru
Uskayaw
Vehumet
Yredelemnul
Zin
Lugonu

Shops:
D:6 :

Annotations:
D:7 Prince Ribbit
Lair:1 exclusion: 2 oklob plants


Innate Abilities, Weirdness & Mutations

You are resistant to torment.
Your stone body is resilient. (AC +7)
You are immune to poison.
You resist negative energy. (rN+)
You are resistant to electric shocks. (rElec)
You can survive without breathing.
You are immune to petrification.
You are immune to rotting.


Message History

Your skin stops crawling.
You block the komodo dragon's attack.
All of the chunks of flesh in your inventory have rotted away.
Casting: Regeneration (safe; 4% risk of failure)
Confirm with . or Enter, or press ? or * to list all spells.
Your skin crawls.
The komodo dragon bites you!
* * * LOW HITPOINT WARNING * * *
You closely miss the komodo dragon.
The komodo dragon is heavily wounded.
The komodo dragon barely misses you.
Your skin is crawling a little less now.
You hit the komodo dragon.
The komodo dragon is heavily wounded.
The komodo dragon bites you!!
* * * LOW HITPOINT WARNING * * *
Your skin stops crawling.
Casting: Regeneration (safe; 4% risk of failure)
Confirm with . or Enter, or press ? or * to list all spells.
Your skin crawls.
The komodo dragon bites you!!
You die...

#.......#######..# #...###.###.##
#.......#######..# #...........#.
#.(..............# #...<######.).
#.......#######.## ##.#.# #.P..
#.......### #.# #.#(# ##....
...(......# #.# #.#.####.P.P.
#..[..(...# #.#####.#.##.......
###....#..#####..................
##....#........@l...............
#.(.#.#.#############.(.#.#.....
#.###.#.# #####....... #.# #.#.#
###..... #.# #.#.# #.....
#.###.#.#### #.#.([ ##..........#
#.###[ ....>....##.# #.# #>
##..##.####.# #.# #.


You could see a komodo dragon.

Vanquished Creatures
  Erica (D:8)
  A cyclops (D:8)
  Joseph (D:7)
  The ghost of opiumtea the Stinger, a novice NaTm (D:4)
  A hippogriff (D:6)
  Sigmund (D:6)
  Grum (D:8)
  Menkaure (D:3)
  Duvessa (D:6)
  3 porcupines (D:8)
  2 sky beasts (D:5)
  3 orc warriors (D:8)
  4 wolves (D:8)
  An ogre (D:7)
  4 phantoms
  A centaur (D:6)
  3 bullfrogs
  Blork the orc (D:5)
  2 scorpions
  4 wights (D:7)
  A howler monkey (D:5)
  3 crimson imps
  2 hounds (D:8)
  5 orc priests
  3 bullfrog skeletons
  A gnoll shaman (D:7)
  An iguana (D:7)
  Jessica (D:3)
  Natasha (D:3)
  6 orc wizards
  4 worker ants
  2 hound zombies
  A hound skeleton (D:6)
  Robin (D:3)
  6 gnolls
  3 howler monkey skeletons
  7 adders
  3 shadow imps
  An adder skeleton (D:6)
  4 worms
  3 dart slugs
  7 leopard geckos
  25 orcs
  8 bats
  7 giant cockroaches
  20 goblins
  16 hobgoblins
  13 jackals
  2 quokkas
  A ball python (D:3)
  A ball python skeleton (D:5)
  5 frilled lizards
  A jackal zombie (D:7)
  13 kobolds
  2 leopard gecko skeletons
  A leopard gecko zombie (D:3)
  4 rats
222 creatures vanquished.

Vanquished Creatures (collateral kills)
  An orc warrior (D:8)
  An ogre (D:8)
  Dowan (D:6)
  A hound (D:8)
  2 orc wizards
  An orc priest (D:8)
  6 orcs
  2 plants (D:8)
15 creatures vanquished.

Vanquished Creatures (others)
  A centaur (D:7)
  A bullfrog (D:8)
  A wight (D:7)
  An orc (D:7)
  26 fungi (D:8)
  10 plants (D:8)
40 creatures vanquished.

Grand Total: 277 creatures vanquished

Notes
Turn   | Place    | Note
-------+----------+-------------------------------------------
     0 | D:1      | Gildeon the Gargoyle Skald began the quest for the Orb.
     0 | D:1      | Reached XP level 1. HP: 12/12 MP: 3/3
   189 | D:1      | Reached XP level 2. HP: 17/17 MP: 0/5
   205 | D:1      | Learned a level 2 spell: Song of Slaying
   208 | D:1      | Learned a level 2 spell: Shroud of Golubria
   646 | D:1      | Reached XP level 3. HP: 21/21 MP: 2/6
  1528 | D:2      | Reached XP level 4. HP: 26/26 MP: 0/8
  1669 | D:2      | Reached skill level 3 in Spellcasting
  1751 | D:2      | Reached XP level 5. HP: 28/30 MP: 4/9
  1847 | D:2      | Learned a level 3 spell: Regeneration
  2039 | D:2      | Found a sparkling altar of Nemelex Xobeh.
  2288 | D:3      | Noticed Robin
  2423 | D:3      | Noticed Jessica
  2430 | D:3      | Killed Jessica
  2772 | D:3      | Learned a level 3 spell: Spectral Weapon
  2839 | D:3      | Reached XP level 6. HP: 35/35 MP: 9/11
  2864 | D:3      | Found a transporter.
  2882 | D:3      | Found a transporter.
  2887 | D:3      | Found an ancient bone altar of Kikubaaqudgha.
  2891 | D:3      | Noticed Menkaure
  2895 | D:3      | Noticed Natasha
  2897 | D:3      | Found a basalt altar of Yredelemnul.
  2930 | D:3      | Killed Robin
  4005 | D:4      | Found a shadowy altar of Dithmenos.
  4082 | D:4      | Found a runed door.
  4083 | D:4      | Noticed opiumtea's ghost (novice NaTm)
  4239 | D:5      | Entered Level 5 of the Dungeon
  4308 | D:5      | Reached skill level 4 in Spellcasting
  4376 | D:5      | Noticed a phantom
  4420 | D:5      | Killed a phantom
  4420 | D:5      | Reached XP level 7. HP: 16/40 MP: 1/13
  4643 | D:5      | Noticed Blork the orc
  4684 | D:5      | Killed Blork the orc
  4932 | D:5      | Reached skill level 5 in Maces & Flails
  4932 | D:5      | Reached skill level 5 in Charms
  5005 | D:5      | Reached skill level 1 in Shields
  5119 | D:5      | Reached skill level 1 in Translocations
  5130 | D:5      | Reached skill level 5 in Spellcasting
  5130 | D:5      | Reached XP level 8. HP: 26/44 MP: 1/15
  5603 | D:5      | Identified the Reference Book on Lethal Execration
  5607 | D:5      | Learned a level 1 spell: Corona
  6024 | D:6      | Found Cyowoinau's Book Emporium.
  6051 | D:6      | Noticed a hippogriff
  6074 | D:6      | Killed a hippogriff
  6093 | D:6      | Learned a level 5 spell: Borgnjor's Vile Clutch
  6235 | D:6      | Noticed Duvessa
  6236 | D:6      | Noticed Dowan
  6249 | D:6      | Killed Dowan
  6431 | D:6      | Reached skill level 1 in Evocations
  6480 | D:6      | Noticed Sigmund
  6526 | D:6      | Killed Sigmund
  6526 | D:6      | Reached skill level 1 in Necromancy
  6825 | D:6      | Reached skill level 6 in Spellcasting
  6964 | D:6      | Reached XP level 9. HP: 41/49 MP: 11/18
  6987 | D:6      | Killed Duvessa
  7328 | D:7      | Found a stormy altar of Qazlal.
  7493 | D:7      | Noticed Joseph
  7507 | D:7      | Killed Joseph
  7640 | D:7      | Reached skill level 7 in Spellcasting
  7804 | D:7      | Reached skill level 1 in Hexes
  8016 | D:7      | Noticed Prince Ribbit
  8114 | D:7      | Found a staircase to the Ecumenical Temple.
  8123 | Temple   | Entered the Ecumenical Temple
  8199 | Temple   | Became a worshipper of Warmaster Okawaru
  8522 | D:8      | Noticed a cyclops
  8560 | D:8      | Noticed Erica
  8720 | D:8      | Killed a cyclops
  8725 | D:8      | Reached XP level 10. HP: 38/56 MP: 2/21
  8732 | D:8      | Reached * piety under Okawaru
  8895 | D:8      | Killed Erica
  8895 | D:8      | Reached ** piety under Okawaru
  8895 | D:8      | Reached skill level 8 in Spellcasting
  8905 | D:8      | Learned a level 8 spell: Discord
  9417 | D:8      | Found a blossoming altar of Fedhas.
  9853 | D:8      | Found a staircase to the Lair.
  9959 | D:8      | Reached *** piety under Okawaru
 10018 | D:8      | Noticed Grum
 10267 | D:8      | Killed Grum
 10433 | D:3      | Killed Natasha
 10439 | D:3      | Killed Menkaure
 10679 | D:4      | Killed opiumtea's ghost
 10843 | Lair:1   | Entered Level 1 of the Lair of Beasts
 10843 | Lair:1   | Noticed an oklob plant
 10843 | Lair:1   | Noticed an oklob plant
 10857 | D:8      | HP: 1/56 [komodo dragon (12)]
 10922 | D:8      | Mangled by a komodo dragon

Vault maps used:
D:1:      lemuel_arrival_cross
D:2:      cheibrodos_greedy_goblins, lemuel_round_altar
D:3:      gammafunk_temple_of_torment, uniq_jessica, uniq_robin, uniq_natasha
D:4:      first_ration, ebering_ghost_sewer_d, grunt_dithmenos_smoke_and_mirrors
D:5:      minmay_misc_feat_x, uniq_blork_the_orc
D:6:      serial_shops, shop_fountains, uniq_duvessa, uniq_sigmund
D:7:      grunt_qazlal_sundering, minmay_temple_entry_poolview, uniq_joseph,
          uniq_prince_ribbit1
D:8:      kennysheep_mini, grunt_lair_entry_orc_guard_hut, uniq_grum, uniq_erica
Temple:   kb_corrupted_temple
Lair:1:   minmay_holes, beast_lair_carwin_10, minmay_lair_oklob_chamber

Skill      XL: |  1  2  3  4  5  6  7  8  9 10 |
---------------+-------------------------------+-----
Charms         | 3 4 5 6 |  6.8
Maces & Flails | 3 4 5 7 |  7.0
Spellcasting   | 3 4 5 6 7 8 |  8.8
Shields        | 1 4 |  4.0
Translocations | 1 2 |  2.1
Evocations     | 1 2 |  2.6
Necromancy     | 2 3 |  3.2
Fighting       | 3 |  3.3
Armour         | 3 |  3.1
Dodging        | 2 |  2.0
Hexes          | 2 |  2.6

Action                   |  1- 3 |  4- 6 |  7- 9 | 10-12 || total
-------------------------+-------+-------+-------+-------++-------
Melee: Mace              |   105 |   276 |   345 |   222 ||   948
 Cast: Infusion          |    20 |    33 |    32 |    16 ||   101
       Song of Slaying   |       |       |     7 |     6 ||    13
       Shroud of Golubri |       |       |     8 |     8 ||    16
       Corona            |       |       |     2 |     8 ||    10
       Regeneration      |       |       |     2 |     5 ||     7
Evoke: Wand              |       |       |    16 |     4 ||    20
  Use: Scroll            |     4 |     7 |     7 |     2 ||    20
       Potion            |     2 |       |     7 |     4 ||    13
 Stab: Paralysed         |       |       |    10 |     7 ||    17
  Eat: Chunk             |     2 |     8 |     8 |     3 ||    21
       Ration            |       |     1 |     2 |     1 ||     4
Armor: Leather armour    |    44 |   101 |   118 |    97 ||   360
Dodge: Dodged            |    96 |   137 |   140 |   132 ||   505
Block: Buckler           |     3 |    59 |    83 |    85 ||   230
       Reflection        |       |       |     2 |     1 ||     3

Table legend:
 A = Spawn XP
 B = Non-spawn XP
 C = Spawn XP percentage of total XP
 D = Spawn monster count
 E = Non-spawn monster count
 F = Spawn count percentage of total count
 G = Total turns spent on level
                    A         B        C        D         E        F      G
               +---------+---------+-------+---------+---------+-------+---------
         Total |       0 |    8575 |   0.0 |       0 |     236 |   0.0 | 10922
               +---------+---------+-------+---------+---------+-------+---------
           D:1 |       0 |      52 |   0.0 |       0 |      30 |   0.0 |  1302
           D:2 |       0 |     171 |   0.0 |       0 |      40 |   0.0 |  1046
           D:3 |       0 |     390 |   0.0 |       0 |      41 |   0.0 |  1410
           D:4 |       0 |     579 |   0.0 |       0 |      14 |   0.0 |   839
           D:5 |       0 |     855 |   0.0 |       0 |      28 |   0.0 |  1616
           D:6 |       0 |    1311 |   0.0 |       0 |      20 |   0.0 |  1560
           D:7 |       0 |    1455 |   0.0 |       0 |      23 |   0.0 |  1385
           D:8 |       0 |    3762 |   0.0 |       0 |      40 |   0.0 |  1616
               +---------+---------+-------+---------+---------+-------+---------
